Cogmind - Beta 12 *** ADVENTURER MODE // 2023.12.02 @ 19:26:19 Player: Occam Result: Destroyed by B-90 Cyclops with Nova Cannon Performance ------------- Evolutions (6) 3000 Regions Visited (24) 4800 Robots Destroyed (457) 2285 Value Destroyed (21210) 21210 Prototype IDs (60) 1200 Alien Tech Used (2) 400 Bonus (7411) 7411 TOTAL SCORE: 40306 Bonus ------- High Alert Combat Kills 1436 Follower Combat Kills 1644 Met Data Miner 300 Met Zhirov 300 Met Warlord at Base 500 MAIN.C Attacked Warlord 500 Warlord Defense Kills 2576 Built Enhanced Grunts 300 Friendly Fire -145 Cogmind --------- Core Integrity 0/1150 Matter 86/300 Energy 98/100 System Corruption 16% Temperature Cool (9) Movement Core (50) Location -4/Warlord Parts ------- > --- POWER (2) -------- (None) > --- PROPULSION (5) --- (None) > --- UTILITY (9) ------ (None) > --- WEAPON (3) ------- (None) > --- INVENTORY (5) ---- Vortex Chain Reactor Advanced Heat Sink Dispersion Rifle Thermoblaster Peak State ------------ > --- POWER ------------ Vortex Chain Reactor > --- PROPULSION ------- Improved Treads Improved Treads Advanced Medium Treads Improved Heavy Treads > --- UTILITY ---------- Advanced Cooling System Huge Storage Unit Advanced Signal Interpreter Core Analyzer Experimental Armor Integrity Analyzer Improved Heavy Armor Plating Makeshift Ablative Armor Improved Energy Mantle > --- WEAPON ----------- Wave Gun Dispersion Rifle Helical Railgun > --- INVENTORY -------- Neutrino Core Antimatter Reactor Advanced Medium Treads Compact Wheel Advanced Heat Sink Experimental Coolant Injector High-capacity Battery Advanced Sensor Array Improved Particle Charger Improved Medium Armor Plating Improved Medium Armor Plating Experimental Focal Shield Advanced Thermal Shield Advanced Force Field Advanced Hacking Suite System Shield Advanced System Shield Drone Bay Wave Gun Heavy Beamcaster Coil Gun KE Penetrator Heavy Gauss Cannon Micro-nuke Launcher Phasing Sabre [Rating: 132] Favorites ----------- Power Antimatter Reactor Engine Heavy Ion Engine Power Core Reinforced Fission Core Reactor Antimatter Reactor Propulsion Improved Treads Treads Improved Treads Leg Carbon-fiber Leg Wheel Compact Wheel Utility Huge Storage Unit Device Advanced Heat Sink Storage Huge Storage Unit Processor Improved Targeting Computer Hackware System Shield Protection Layered Heavy Armor Plating Weapon Gatling Laser Energy Gun Gatling Laser Energy Cannon Heavy Phase Cannon Ballistic Gun Heavy Assault Rifle Ballistic Cannon Heavy Gauss Cannon Launcher Micro-nuke Launcher Impact Weapon Powered Hammer Slashing Weapon Phasing Sabre Build | -11 -10 -10 -9 -9 -9 -7 -7 -7 -7 -6 -6 -6 -6 -6 -6 -5 -5 -5 -5 -4 -4 -4 -4 -4 ------- Run | Jun Mat Min Mat Sto Rec Fac Low Low Dat Pro Fac Ext Cet Arc Hub Fac Upp Upp Zhi Pro Fac Upp Upp War Slots Evolved 12 | . . . 2 . . 4 . . . . 2 . . . . 2 . . . . 2 . . . Power 1 | . . . . . . . . . . . . . . . . 1 . . . . . . . . Propulsion 3 | . . . 1 . . 1 . . . . 1 . . . . . . . . . . . . . Utility 7 | . . . 1 . . 3 . . . . 1 . . . . . . . . . 2 . . . Weapon 1 | . . . . . . . . . . . . . . . . 1 . . . . . . . . Parts Attached 357 | 8 16 1 16 15 2 37 2 2 . 12 35 8 7 5 10 70 2 . 1 10 63 8 1 26 Power 38 | 1 2 . 1 1 . 4 . 1 . 1 2 1 . . 2 10 . . . 1 10 . . 1 Engine 13 | 1 2 . 1 1 . 4 . 1 . . . . . . 1 2 . . . . . . . . Core 11 | . . . . . . . . . . . . . . . . 8 . . . 1 2 . . . Reactor 14 | . . . . . . . . . . 1 2 1 . . 1 . . . . . 8 . . 1 Propulsion 70 | 3 9 . 7 4 . 4 1 . . 3 6 2 1 1 . 17 . . . 1 8 . . 3 Treads 56 | 1 4 . 6 4 . 4 1 . . 3 6 1 1 1 . 14 . . . . 8 . . 2 Leg 2 | . . . . . . . . . . . . . . . . 2 . . . . . . . . Wheel 12 | 2 5 . 1 . . . . . . . . 1 . . . 1 . . . 1 . . . 1 Hover . | . . . . . . . . . . . . . . . . . . . . . . . . . Flight . | . . . . . . . . . . . . . . . . . . . . . . . . . Utility 142 | 2 2 1 4 1 2 15 . 1 . 4 12 3 1 3 6 28 . . 1 6 33 4 . 13 Device 87 | 1 . . 2 1 1 5 . . . 3 10 1 1 3 2 20 . . . 4 21 3 . 9 Storage 6 | 1 2 . . . . . . . . . . . . . 1 . . . . . 2 . . . Processor 9 | . . . . . . 1 . 1 . . . . . . 1 2 . . . . 3 . . 1 Hackware 6 | . . . . . . 3 . . . . . . . . 2 1 . . . . . . . . Protection 34 | . . 1 2 . 1 6 . . . 1 2 2 . . . 5 . . 1 2 7 1 . 3 Artifact . | . . . . . . . . . . . . . . . . . . . . . . . . . Weapon 107 | 2 3 . 4 9 . 14 1 . . 4 15 2 5 1 2 15 2 . . 2 12 4 1 9 Energy Gun 70 | 1 . . 4 7 . 11 1 . . 4 11 2 1 1 2 10 . . . 1 8 2 1 3 Energy Cannon 2 | . . . . . . . . . . . . . . . . . 1 . . . 1 . . . Ballistic Gun 10 | 1 3 . . 1 . . . . . . . . . . . . 1 . . . 1 . . 3 Ballistic Cannon 2 | . . . . . . . . . . . . . . . . . . . . . 2 . . . Launcher 12 | . . . . 1 . 1 . . . . . . 3 . . 3 . . . 1 . 1 . 2 Special Weapon . | . . . . . . . . . . . . . . . . . . . . . . . . . Impact Weapon 9 | . . . . . . 2 . . . . 4 . 1 . . 2 . . . . . . . . Slashing Weapon 2 | . . . . . . . . . . . . . . . . . . . . . . 1 . 1 Piercing Weapon . | . . . . . . . . . . . . . . . . . . . . . . . . . Special Melee Weapon . | . . . . . . . . . . . . . . . . . . . . . . . . . Unidentified Prototypes 22 | . . . 1 3 . 2 . . . . 2 . 1 . 2 1 . . 2 . 2 . . 6 Corrupted Parts 2 | . . . . . . . . . . . . . 1 . . 1 . . . . . . . . System Corruption 14 | . . . . . . . . . . . . . 4 . . 10 . . . . . . . . Parts Lost 66 | . 1 . . . . . . . . 1 2 9 1 . . 27 . . . 9 5 . 1 10 Power 9 | . 1 . . . . . . . . . . 1 . . . 5 . . . 1 1 . . . Propulsion 29 | . . . . . . . . . . 1 . 5 . . . 11 . . . 4 2 . . 6 Utility 18 | . . . . . . . . . . . 1 2 1 . . 5 . . . 3 2 . . 4 Weapon 10 | . . . . . . . . . . . 1 1 . . . 6 . . . 1 . . 1 . Highest Loss Streak 11 | . 1 . . . . . . . . 1 1 9 1 . . 11 . . . 4 2 . 1 6 To Critical Strikes 3 | . . . . . . . . . . . . . . . . 1 . . . . . . . 2 Average Slot Usage (%) 91 | . 100 100 99 99 99 92 91 92 92 91 88 82 81 85 89 95 94 94 90 77 90 87 89 86 Engine 3 | . 14 14 11 11 11 7 7 7 7 1 . 3 . . . 2 . . . . . . . . Core 2 | . . . . . . . . . . . 2 . . . . 7 11 11 11 10 1 . . . Reactor 2 | . . . . . . . . . . 5 3 2 6 6 6 . . . . . 8 10 10 8 Treads 25 | . 15 14 32 33 33 30 29 30 30 29 32 23 18 25 26 22 23 23 23 12 23 21 21 20 Device 12 | . 14 7 10 11 12 10 7 7 7 10 17 20 17 19 13 10 11 11 11 14 12 13 21 14 Storage 6 | . 14 14 11 11 11 7 7 7 7 7 6 6 6 6 6 5 5 5 5 5 5 5 5 4 Processor 4 | . . . . . . . . 6 7 7 . . . . 4 5 11 11 11 11 13 10 10 11 Hackware 3 | . . . . . . 7 15 7 7 3 . . . . 4 9 5 5 2 . . . . . Protection 8 | . . 6 11 11 9 11 7 7 7 6 11 8 13 13 13 6 5 5 5 4 7 10 5 9 Energy Gun 12 | . 8 . 15 21 22 14 14 15 15 14 7 11 9 12 13 15 5 5 5 4 11 11 15 13 Ballistic Gun 2 | . 19 28 6 . . . . . . . 2 1 . . . . 4 5 5 2 1 . . . Naked Turns 11 | . . . . . . . . . . . . . . . . . . . . . . . . 11 Heaviest Build 175 | 12 94 96 102 103 103 124 119 119 118 130 141 126 132 132 129 141 137 136 137 163 175 164 153 174 Greatest Support 156 | 16 40 16 60 69 69 92 91 85 85 98 118 118 16 146 146 156 106 106 106 106 151 151 151 151 Greatest Overweight (x) 15 | 1 5 5 3 1 1 1 1 1 1 1 1 7 8 8 . 1 1 1 1 15 5 1 1 10 Average Overweight (x) 1 | . 3 5 1 1 1 1 1 1 1 1 . 2 7 . . . 1 1 1 2 1 1 1 1 Largest Inventory Capacity 25 | 8 25 25 25 25 25 25 25 25 25 25 25 25 25 25 25 25 25 25 25 25 25 25 25 25 Average Capacity 24 | 7 21 25 25 25 25 25 25 25 25 25 25 25 25 25 25 25 25 25 25 25 25 25 25 24 Most Carried 25 | 3 25 25 25 25 25 25 25 25 25 25 25 24 17 25 25 25 25 25 25 25 25 25 25 25 Average Carried 23 | 2 16 24 24 24 24 24 24 24 25 24 24 20 16 21 24 23 25 25 24 22 24 24 24 24 Final Capacity 25 | 8 25 25 25 25 25 25 25 25 25 25 25 25 25 25 25 25 25 25 25 25 25 25 25 5 Final Carried 25 | 3 21 25 25 25 25 25 25 25 25 25 24 16 16 24 25 25 25 25 25 24 24 24 24 5 Scrap Engine Consumption 77 | . . . . . . . . . . . 59 15 1 2 . . . . . . . . . . Constructs Created 8 | . . . . . . . . . . . 6 1 1 . . . . . . . . . . . Constructs Modified 20 | . . . . . . . . . . . 16 2 2 . . . . . . . . . . . Class Distribution -------------------- 33% | Mutant 23% | Hacker-Mutant 14% | Scavenger-Gunner 11% | Scavenger-Tank 10% | Scavenger-Mutant 3% | Commander-Mutant Dominant Class ---------------- Mutant | -10/Materials Mutant | -10/Mines Mutant | -9/Materials Mutant | -9/Storage Mutant | -9/Recycling Hacker-Mutant | -7/Factory Hacker-Mutant | -7/Lower Caves Hacker-Mutant | -7/Lower Caves Hacker-Mutant | -7/Data Miner Hacker-Mutant | -6/Proximity Caves Mutant | -6/Factory Mutant | -6/Extension Mutant | -6/Cetus Commander-Mutant | -6/Archives Commander-Mutant | -6/Hub_04(d) Scavenger-Gunner | -5/Factory Scavenger-Gunner | -5/Upper Caves Scavenger-Gunner | -5/Upper Caves Mutant | -5/Zhirov Mutant | -4/Proximity Caves Scavenger-Gunner | -4/Factory Scavenger-Mutant | -4/Upper Caves Scavenger-Tank | -4/Upper Caves Scavenger-Mutant | -4/Warlord Resources | -11 -10 -10 -9 -9 -9 -7 -7 -7 -7 -6 -6 -6 -6 -6 -6 -5 -5 -5 -5 -4 -4 -4 -4 -4 ----------- Run | Jun Mat Min Mat Sto Rec Fac Low Low Dat Pro Fac Ext Cet Arc Hub Fac Upp Upp Zhi Pro Fac Upp Upp War Matter Collected 6202 | 291 405 237 291 192 36 407 96 50 . 165 502 114 186 156 182 768 163 97 . 398 974 250 32 210 Remotely . | . . . . . . . . . . . . . . . . . . . . . . . . . Salvage Created 22736 | 120 435 33 893 669 145 1443 78 432 . 734 2961 590 393 298 1257 4772 182 127 . 1363 3876 543 440 952 Parts 906 | 10 39 4 52 39 5 67 2 17 . 19 148 30 10 14 13 159 6 4 . 49 135 28 20 36 Haulers Intercepted 17 | . 2 . 2 4 . 3 . . . . 1 . . . 4 1 . . . . . . . . Recyclers Shooed 6 | 2 . . . . . . . . . . 1 . . . . 2 . . . . 1 . . . Parts Field Recycled . | . . . . . . . . . . . . . . . . . . . . . . . . . Retrieved Matter . | . . . . . . . . . . . . . . . . . . . . . . . . . Parts Self-Destructed 123 | . . . . . . . 2 16 . 14 . . . . . . 6 4 . 43 . 23 15 . Prevented 11 | . . . . . . . . . . 7 . . . . . . . . . . . . 4 . Kills | -11 -10 -10 -9 -9 -9 -7 -7 -7 -7 -6 -6 -6 -6 -6 -6 -5 -5 -5 -5 -4 -4 -4 -4 -4 ------- Run | Jun Mat Min Mat Sto Rec Fac Low Low Dat Pro Fac Ext Cet Arc Hub Fac Upp Upp Zhi Pro Fac Upp Upp War Combat Hostiles Destroyed 363 | . 13 . 22 14 1 26 2 10 . 15 44 11 10 2 12 65 2 4 . 22 50 12 10 16 Guns 275 | . 13 . 21 9 1 24 2 8 . 13 32 10 4 2 5 53 . 2 . 8 43 4 10 11 Cannons 21 | . . . . . . . . . . . 4 . . . . . . 2 . 9 6 . . . AOE 33 | . . . . 5 . . . . . . 5 1 6 . . . . . . 4 . 8 . 4 Classes Destroyed 19 | 2 5 . 1 4 . 4 . . . 1 . . . . . . . . . . . 1 . 1 Worker 11 | . 1 1 . . . . . . . . 2 . . . . 3 . . . . 4 . . . Builder 9 | . . . . . . 1 . . . . 3 . . . . 5 . . . . . . . . Tunneler 4 | 2 . 1 . . . . . . . . . . . . . . . . . . 1 . . . Hauler 17 | . 2 . 2 4 . 3 . . . . 1 . . . 4 1 . . . . . . . . Recycler 14 | 1 . . . . 1 2 . . . . 1 . . . . 7 . . . . 2 . . . Mechanic 1 | . . . . 1 . . . . . . . . . . . . . . . . . . . . Operator 8 | . . . . . . 1 . . . . . . . 5 . 2 . . . . . . . . Watcher 30 | . 2 . 2 2 . 3 . . . . 4 . 1 . 1 7 . . . . 8 . . . Swarmer 57 | . 9 . 4 . . . . . . 4 2 3 . . . 17 . 4 . 4 4 1 5 . Grunt 141 | . 4 . 12 6 . 11 . 7 . 6 18 . 5 . 8 20 . . . 11 19 5 2 7 Brawler 7 | . . . . 2 . 1 . . . . . . 1 . . 1 . . . 1 1 . . . Duelist 13 | . . . . 1 . . . 1 . 3 2 . . . . 4 . . . 2 . . . . Protector 1 | . . . . 1 . . . . . . . . . . . . . . . . . . . . Sentry 51 | . . . 6 4 1 7 . . . 1 5 4 . 2 3 5 1 . . 2 9 1 . . Specialist 2 | . . . . . . . . . . . . . . . . . . . . . . 1 . 1 Hunter 24 | . . . . . . 1 1 . . . 7 1 1 . . 5 . . . 2 2 2 2 . Programmer 56 | . . . . . . 6 1 2 . . 10 1 . . 1 13 . . . . 15 1 1 5 Behemoth 5 | . . . . . . . . . . 1 . 2 . . . . 1 . . . . 1 . . Cetus Guard 3 | . . . . . . . . . . . . . 3 . . . . . . . . . . . Executioner 3 | . . . . . . . . . . . . . . . . . . . . . . . . 3 Decomposer 1 | . . . . . . . . . . . . . . . . . . 1 . . . . . . Best Kill Streak 13 | 2 5 2 3 7 1 4 1 4 . 6 5 3 4 2 5 13 1 4 . 7 7 6 4 7 Combat Bots Only 10 | . 3 . 3 6 1 4 1 4 . 6 5 3 4 1 4 10 1 4 . 7 5 6 4 7 Max Kills in Single Turn 3 | 1 2 1 2 3 1 2 1 1 . 2 2 2 3 1 1 2 1 1 . 3 2 2 3 2 Gunslinging 2 | . 1 . 1 . . . . . . . . 1 . . . . . . . . 1 . 2 1 Exploded 3 | . . . . 3 . . . . . . 2 1 3 . . . . . . 3 . 2 . 2 Melee . | . . . . . . . . . . . . . . . . . . . . . . . . . Uniques/NPCs Destroyed . | . . . . . . . . . . . . . . . . . . . . . . . . . Combat | -11 -10 -10 -9 -9 -9 -7 -7 -7 -7 -6 -6 -6 -6 -6 -6 -5 -5 -5 -5 -4 -4 -4 -4 -4 -------- Run | Jun Mat Min Mat Sto Rec Fac Low Low Dat Pro Fac Ext Cet Arc Hub Fac Upp Upp Zhi Pro Fac Upp Upp War Damage Taken 22673 | . 265 9 620 435 . 1015 83 433 . 1059 2654 1513 360 86 267 4600 283 161 . 1487 2873 986 235 3249 Core 2311 | . 61 . 102 62 . 58 11 25 . 109 86 60 19 . 31 352 38 9 . 137 75 50 20 1006 Absorbed by Shields 2970 | . . . . . . 288 . . . 100 168 154 145 24 72 511 . . . . 383 . . 1125 Regen/Repaired (Parts) 4724 | . . . 9 43 . 607 . . . . 2711 109 . . . 776 . . . . 67 . . 402 Core Remaining (%) 70 | 100 . 75 . . 59 . . . . 71 . . . . 76 . . . . 42 . . . . Volleys Fired 961 | 11 40 5 61 30 2 76 6 20 . 34 132 31 16 15 32 134 9 7 . 45 160 28 16 51 Largest 3 | 2 2 2 2 2 2 2 2 2 . 2 2 2 2 2 2 3 3 3 . 3 3 3 3 3 Hottest 429 | 70 70 46 130 130 130 160 160 160 . 160 162 160 160 101 116 241 200 200 . 200 253 257 257 429 Shots Fired 2251 | 22 80 10 122 57 5 149 13 41 . 68 262 60 24 29 62 382 22 21 1 116 456 68 49 132 Gun 2034 | 22 80 10 122 54 5 148 13 41 . 68 186 60 16 29 62 378 17 14 . 71 402 61 49 126 Cannon 186 | . . . . . . . . . . . 76 . . . . . 5 7 1 43 54 . . . Launcher 31 | . . . . 3 . 1 . . . . . . 8 . . 4 . . . 2 . 7 . 6 Special . | . . . . . . . . . . . . . . . . . . . . . . . . . Kinetic 335 | 11 46 10 36 . . . . . . . 79 14 . . . . 9 7 . 37 56 . . 30 Thermal 1770 | 11 34 . 86 54 5 148 13 41 . 34 107 46 16 29 62 378 13 14 1 77 392 61 49 99 Explosive 24 | . . . . 3 . 1 . . . . . . 8 . . . . . . 2 . 7 . 3 Electromagnetic 122 | . . . . . . . . . . 34 76 . . . . 4 . . . . 8 . . . Robot Hit Streak 62 | 14 15 6 23 34 14 37 16 62 . 28 51 54 58 13 61 51 31 33 . 29 21 23 13 20 Robot Miss Streak 6 | 1 2 1 4 4 2 4 1 1 . 2 3 2 2 1 2 6 . 1 . 2 2 1 3 2 Penetration Max 1 | . . . . . . . . . . . . . . . . . . . . 1 1 . . 1 Secondary Targets 25 | . 1 . 1 3 . 1 . . . . 1 1 . . . 5 . . . . 6 . 2 4 Max Gunslinging Chain 2 | . 1 . 1 1 . 1 . . . . 1 1 . . . 1 . . . . 1 . 2 1 Shots Hit Robots 1899 | 18 55 7 102 57 4 143 11 39 . 63 234 60 21 22 53 344 21 11 . 90 360 49 30 105 Core Hits 1314 | 4 21 3 72 99 8 150 8 30 . 39 168 44 42 26 71 237 5 5 . 47 142 31 17 45 Critical Kills 17 | . . . 1 . . . . . . . . . . . . 1 1 . . 3 9 . 2 . Critical Parts Destroyed 25 | . . . 1 . . . . . . . . . . . 3 2 1 . . 5 9 . . 4 Critical Strikes 88 | . 5 . 5 . . . . . . . 1 . . . 3 6 3 . . 11 35 5 4 10 Burn 37 | . 5 . 3 . . . . . . . 1 . . . . 3 1 . . 3 12 1 2 6 Meltdown 2 | . . . . . . . . . . . . . . . . . 1 . . . 1 . . . Destroy 45 | . . . 2 . . . . . . . . . . . 3 3 1 . . 8 18 4 2 4 Blast 4 | . . . . . . . . . . . . . . . . . . . . . 4 . . . Melee Attacks 43 | . . . . . . 7 . . . . 15 . 4 . . 14 . . . . . 1 . 2 Impact 40 | . . . . . . 7 . . . . 15 . 4 . . 14 . . . . . . . . Slashing 3 | . . . . . . . . . . . . . . . . . . . . . . 1 . 2 Piercing . | . . . . . . . . . . . . . . . . . . . . . . . . . Sneak Attacks 3 | . . . . . . . . . . . . . . . . 3 . . . . . . . . Combat Hostiles . | . . . . . . . . . . . . . . . . . . . . . . . . . Follow-up Attacks . | . . . . . . . . . . . . . . . . . . . . . . . . . Damage Inflicted 52631 | 184 765 102 1694 1823 49 3579 321 1130 . 1633 6504 1564 1517 564 1338 9038 439 224 . 2802 10449 2201 846 3865 Guns 42561 | 184 756 102 1693 973 49 3579 321 1130 . 1633 4505 1522 368 564 1321 8420 251 108 . 935 9140 1259 846 2902 Cannons 4068 | . . . . . . . . . . . 1216 . . . . . 188 116 . 1285 1263 . . . Explosions 5539 | . . . 1 805 . . . . . . 748 42 1149 . . 307 . . . 582 . 942 . 963 Melee 311 | . . . . . . . . . . . . . . . . 311 . . . . . . . . Ramming 152 | . 9 . . 45 . . . . . . 35 . . . 17 . . . . . 46 . . . Kinetic 5413 | 61 361 102 509 . . . . . . . 1817 177 . . . . 59 15 . 210 1395 . . 707 Thermal 40341 | 123 395 . 1184 973 49 3579 321 1130 . 1051 3436 1387 368 564 1321 8420 380 209 . 2010 8939 1259 846 2397 Explosive 4239 | . . . . 805 . . . . . . . . 1149 . . . . . . 582 . 942 . 761 Electromagnetic 2175 | . . . 1 . . . . . . 582 1216 . . . . 307 . . . . 69 . . . Impact 311 | . . . . . . . . . . . . . . . . 311 . . . . . . . . Slashing . | . . . . . . . . . . . . . . . . . . . . . . . . . Piercing . | . . . . . . . . . . . . . . . . . . . . . . . . . Highest Corruption 15 | . . . 1 1 1 1 2 2 2 2 8 9 13 13 1 15 7 7 7 8 5 4 4 14 Average Corruption 3 | . . . 1 1 1 1 1 2 2 2 4 8 12 9 1 2 7 7 7 4 2 3 4 6 Corruption Purged 40 | . . . . . . . . . . . . . . 13 . 13 . . . 5 7 2 . . Corruption Blocked 20 | . . . . . . . . . . . . . . . . . . . . . . . . 20 Effects 459 | . . . . 7 11 11 31 11 3 26 64 24 14 17 2 41 23 23 15 40 38 31 17 10 Message Errors 120 | . . . . 2 5 5 8 2 1 7 16 7 4 1 . 12 6 7 6 13 8 8 1 1 Matter Fused 118 | . . . . 1 2 3 10 3 1 7 19 6 2 6 2 10 7 5 4 10 10 4 3 3 Heat Flow Errors 37 | . . . . 1 . 1 2 1 . 3 4 1 2 1 . 2 1 . 1 5 6 3 3 . Energy Discharges 49 | . . . . 2 2 1 3 1 1 3 6 . 2 3 . 6 3 4 . 4 1 3 1 3 Parts Rejected 1 | . . . . . . . . . . . . . . . . . . . . . 1 . . . Parts Fused 14 | . . . . . . . . . . 1 1 1 . . . 2 2 1 1 2 1 2 . . Data Loss (minor) 64 | . . . . 1 1 1 5 3 . 2 11 3 3 3 . 5 1 3 1 4 6 4 6 1 Data Loss (major) 18 | . . . . . . . . . . 1 2 2 . . . . 2 1 1 1 2 5 1 . Misfires 15 | . . . . . 1 . 2 1 . 1 1 1 . 2 . 1 . 1 1 1 1 . 1 . Alerts 10 | . . . . . . . 1 . . . 2 1 1 . . 2 . . . . 1 . 1 1 Misdirections 1 | . . . . . . . . . . . . . . 1 . . . . . . . . . . Weapon Failures 12 | . . . . . . . . . . 1 2 2 . . . 1 1 1 . . 1 2 . 1 Overload Shots . | . . . . . . . . . . . . . . . . . . . . . . . . . Overflow Damage 442 | . . . . . . . . . . . 2 . . . . 181 . 14 . 85 55 72 . 33 Projectiles 88 | . . . . . . . . . . . . . . . . . . 14 . 19 55 . . . Explosions 173 | . . . . . . . . . . . 2 . . . . . . . . 66 . 72 . 33 Melee 181 | . . . . . . . . . . . . . . . . 181 . . . . . . . . Knockbacks 2 | . . . . . . . . . . . . . . . . . . . . . 2 . . . Impact . | . . . . . . . . . . . . . . . . . . . . . . . . . Kinetic 2 | . . . . . . . . . . . . . . . . . . . . . 2 . . . Secondary . | . . . . . . . . . . . . . . . . . . . . . . . . . Self-Inflicted Damage 440 | . 4 . 8 54 . 29 . . . . 94 46 . . . 91 . . . 28 . 86 . . Shots 17 | . . . 1 3 . 1 . . . . 3 1 . . . 4 . . . 2 . 2 . . Rammed 11 | . 1 . . 4 . . . . . . 4 . . . 1 . . . . . 1 . . . Targets Rammed 14 | . 1 . . 4 . . . . . . 5 . . . 1 1 . . . . 2 . . . Kicked . | . . . . . . . . . . . . . . . . . . . . . . . . . Crushed 3 | . . . . . . . . . . . 1 . . . . 1 . . . . 1 . . . Highest Temperature 589 | 110 70 . 177 197 36 411 200 375 . 315 450 208 247 139 13 553 159 163 154 155 589 293 129 200 Average Temperature 98 | 46 23 . 49 41 16 104 53 146 . 91 102 55 69 53 4 126 82 80 68 51 126 111 84 77 Received Heat Transfer 4722 | . 66 6 297 174 . 324 . 279 . 235 425 330 46 14 128 885 51 . . 444 580 99 . 339 Effects 42 | . . . . . . 2 . 1 . 3 5 . . . . 15 . . . . 16 . . . Shutdowns 12 | . . . . . . . . 1 . . . . . . . 4 . . . . 7 . . . Energy Bleed 7 | . . . . . . 2 . . . 1 . . . . . 2 . . . . 2 . . . Interference 11 | . . . . . . . . . . 2 4 . . . . . . . . . 5 . . . Matter Decay 1 | . . . . . . . . . . . . . . . . 1 . . . . . . . . Short Circuit 4 | . . . . . . . . . . . 1 . . . . 1 . . . . 2 . . . Damage (minor) 1 | . . . . . . . . . . . . . . . . 1 . . . . . . . . Damage (major) 6 | . . . . . . . . . . . . . . . . 6 . . . . . . . . Siege Activations . | . . . . . . . . . . . . . . . . . . . . . . . . . Robots Corrupted 5 | . . . . . . . . . . 1 1 . . . . 3 . . . . . . . . Combat Hostiles 5 | . . . . . . . . . . 1 1 . . . . 3 . . . . . . . . Parts Fried 30 | . . . . . . . . . . 6 11 1 . . . 10 . . . . . . 2 . Impact Corruptions 6 | . . . . 1 . . . . . . . . . . . 5 . . . . . . . . Robots Melted 39 | . . . 1 . . 2 . 2 . 1 2 . . 1 11 13 2 . . 1 2 . . 1 Combat Hostiles 29 | . . . 1 . . 2 . 2 . 1 2 . . . 7 9 2 . . 1 1 . . 1 Parts Melted 255 | . 2 . 9 . . 12 3 10 . 3 17 6 4 4 30 76 6 . . 14 45 1 3 10 Heat Transferred 79196 | 370 1480 . 2330 1211 60 6015 650 2350 . 2275 5648 2850 1375 2768 7599 18191 685 311 . 3182 13137 1850 1258 3601 Parts Sabotaged 2 | . . . . . . . . . . 2 . . . . . . . . . . . . . . Parts Stolen 2 | . . . . . . . 2 . . . . . . . . . . . . . . . . . Parts Stripped . | . . . . . . . . . . . . . . . . . . . . . . . . . Power Chain Reactions 11 | . . . . . . . . . . 1 8 1 . . . 1 . . . . . . . . Missiles Intercepted . | . . . . . . . . . . . . . . . . . . . . . . . . . Alert | -11 -10 -10 -9 -9 -9 -7 -7 -7 -7 -6 -6 -6 -6 -6 -6 -5 -5 -5 -5 -4 -4 -4 -4 -4 ------- Run | Jun Mat Min Mat Sto Rec Fac Low Low Dat Pro Fac Ext Cet Arc Hub Fac Upp Upp Zhi Pro Fac Upp Upp War Peak Influence 1047 | 15 196 37 308 603 199 320 . . . . 324 329 502 366 1046 1047 . . . . 385 . . . Initial 441 | . 8 37 . 110 114 300 . . . . . 70 55 169 48 441 . . . . . . . . Average 186 | 6 83 17 114 357 72 58 . . . . 76 167 281 279 643 550 . . . . 131 . . . Maximum Alert Level 3 | . . . 1 2 . 1 . . . . 1 1 2 1 3 3 . . . . 1 . . . Low Security (%) 68 | 100 100 100 82 12 100 91 . . . . 91 65 29 33 13 7 . . . . 68 . . . Level 1 18 | . . . 17 52 . 8 . . . . 8 34 57 66 15 23 . . . . 31 . . . Level 2 8 | . . . . 35 . . . . . . . . 13 . 12 42 . . . . . . . . Level 3 5 | . . . . . . . . . . . . . . . 58 26 . . . . . . . . Level 4 . | . . . . . . . . . . . . . . . . . . . . . . . . . Level 5 . | . . . . . . . . . . . . . . . . . . . . . . . . . High Security . | . . . . . . . . . . . . . . . . . . . . . . . . . Max Security . | . . . . . . . . . . . . . . . . . . . . . . . . . Squads Dispatched 88 | . 3 . 2 6 . 8 . . . 1 24 1 1 . 11 14 . . . 1 16 . . . Investigation 19 | . 3 . 2 3 . 2 . . . . 5 . 1 . . 1 . . . . 2 . . . Extermination 29 | . . . . . . 6 . . . . 9 . . . 2 5 . . . . 7 . . . Reinforcement 18 | . . . . . . . . . . . 5 1 . . 7 3 . . . . 2 . . . Assault 10 | . . . . 2 . . . . . 1 1 . . . 1 4 . . . 1 . . . . Garrison 12 | . . . . 1 . . . . . . 4 . . . 1 1 . . . . 5 . . . Intercept . | . . . . . . . . . . . . . . . . . . . . . . . . . Searches Triggered . | . . . . . . . . . . . . . . . . . . . . . . . . . Data Miner Redirects 5 | . . . . . . . . . . . 3 . . . . 1 . . . . 1 . . . Construction Impeded 3 | . . . . . . . . . . . 1 . . . 2 . . . . . . . . . Haulers Reinforced 7 | . . . . . . . . . . . 1 . . . 4 1 . . . . 1 . . . Active Scanning Responses . | . . . . . . . . . . . . . . . . . . . . . . . . . Cargo Convoy Interrupts . | . . . . . . . . . . . . . . . . . . . . . . . . . Stealth | -11 -10 -10 -9 -9 -9 -7 -7 -7 -7 -6 -6 -6 -6 -6 -6 -5 -5 -5 -5 -4 -4 -4 -4 -4 --------- Run | Jun Mat Min Mat Sto Rec Fac Low Low Dat Pro Fac Ext Cet Arc Hub Fac Upp Upp Zhi Pro Fac Upp Upp War Distress Signals 12 | . . . 2 . . 1 . . . . 1 1 1 . 1 1 . . . . 2 . . 2 Communications Jammed . | . . . . . . . . . . . . . . . . . . . . . . . . . Distress Signals . | . . . . . . . . . . . . . . . . . . . . . . . . . Times Spotted 539 | . 16 1 31 33 2 37 4 10 . 17 60 17 16 12 22 95 2 4 . 22 66 11 11 50 Peak Tracking Total 25 | . 3 1 5 9 1 5 2 4 . 7 5 4 5 2 6 8 1 4 . 9 5 5 5 25 Tactical Retreats 26 | . . . 2 . . 1 . . . . 1 1 . . 3 15 . . . . 1 . 2 . Traps | -11 -10 -10 -9 -9 -9 -7 -7 -7 -7 -6 -6 -6 -6 -6 -6 -5 -5 -5 -5 -4 -4 -4 -4 -4 ------- Run | Jun Mat Min Mat Sto Rec Fac Low Low Dat Pro Fac Ext Cet Arc Hub Fac Upp Upp Zhi Pro Fac Upp Upp War Traps Triggered 13 | . 1 . 1 1 . 1 . . . . 4 1 . . . . . . . . 4 . . . Indirectly . | . . . . . . . . . . . . . . . . . . . . . . . . . Trap Hack Attempts . | . . . . . . . . . . . . . . . . . . . . . . . . . Triggered . | . . . . . . . . . . . . . . . . . . . . . . . . . Disarmed . | . . . . . . . . . . . . . . . . . . . . . . . . . Reprogrammed . | . . . . . . . . . . . . . . . . . . . . . . . . . Reused . | . . . . . . . . . . . . . . . . . . . . . . . . . Traps Extracted . | . . . . . . . . . . . . . . . . . . . . . . . . . Installed . | . . . . . . . . . . . . . . . . . . . . . . . . . Triggered 29 | . . . . . . . . . . . . . . . . . . . . . . . 1 28 Most Traps Carried 3 | . . 3 1 . . . . . . . . . . . . . . . . . . . . . Machines | -11 -10 -10 -9 -9 -9 -7 -7 -7 -7 -6 -6 -6 -6 -6 -6 -5 -5 -5 -5 -4 -4 -4 -4 -4 ---------- Run | Jun Mat Min Mat Sto Rec Fac Low Low Dat Pro Fac Ext Cet Arc Hub Fac Upp Upp Zhi Pro Fac Upp Upp War Machines Disabled 25 | . . 1 2 1 . . . . . 1 2 . . 1 2 4 . . . . 9 1 . 1 Max in Single Turn 1 | . . . 1 1 . . . . . . 1 . . . 1 1 . . . . 1 1 . 1 Garrison Access 6 | . . . . 1 . 1 . . . . 2 . . . . 1 . . . . 1 . . . Machines Repaired . | . . . . . . . . . . . . . . . . . . . . . . . . . Machines Sabotaged . | . . . . . . . . . . . . . . . . . . . . . . . . . Overloaded Fab Kills . | . . . . . . . . . . . . . . . . . . . . . . . . . Hacking | -11 -10 -10 -9 -9 -9 -7 -7 -7 -7 -6 -6 -6 -6 -6 -6 -5 -5 -5 -5 -4 -4 -4 -4 -4 --------- Run | Jun Mat Min Mat Sto Rec Fac Low Low Dat Pro Fac Ext Cet Arc Hub Fac Upp Upp Zhi Pro Fac Upp Upp War Machines Accessed 140 | . 9 . 6 12 9 21 3 1 4 . 14 1 3 1 3 22 . . 9 . 13 . 1 8 Terminals 68 | . 7 . 5 7 3 12 1 . . . 6 1 3 . 3 14 . . . . 6 . . . Fabricators 8 | . . . . . . 2 . . . . 3 . . . . 2 . . . . 1 . . . Repair Stations 13 | . . . 1 2 . 3 . . . . 3 . . . . 2 . . . . 2 . . . Recycling Units 16 | . 2 . . 2 6 2 . . . . . . . . . 2 . . . . 2 . . . Scanalyzers 3 | . . . . . . 1 . . . . 1 . . . . 1 . . . . . . . . Garrison Access 6 | . . . . 1 . 1 . . . . 1 . . . . 1 . . . . 2 . . . Total Hacks 446 | . 27 . 15 31 15 56 5 1 30 . 49 1 6 25 13 74 . . 47 . 32 . 1 18 Successful 316 | . 14 . 10 18 11 31 5 1 30 . 37 1 2 25 8 45 . . 47 . 12 . 1 18 Failed 129 | . 12 . 5 13 4 25 . . . . 12 . 4 . 5 29 . . . . 20 . . . Catastrophic 17 | . . . . 2 . 5 . . . . 2 . 1 . 1 4 . . . . 2 . . . Database Lockouts 1 | . 1 . . . . . . . . . . . . . . . . . . . . . . . Manual 179 | . 20 . 5 21 12 29 . . . . 16 1 1 2 7 43 . . . . 19 1 . 2 Terminals 204 | . 23 . 12 23 8 30 1 . . . 18 1 6 . 13 50 . . . . 19 . . . Fabricators 18 | . . . . . . 4 . . . . 5 . . . . 7 . . . . 2 . . . Repair Stations 59 | . . . 3 3 . 13 . . . . 24 . . . . 13 . . . . 3 . . . Recycling Units 27 | . 4 . . 4 7 5 . . . . . . . . . 2 . . . . 5 . . . Scanalyzers 5 | . . . . . . 3 . . . . 1 . . . . 1 . . . . . . . . Garrison Access 7 | . . . . 1 . 1 . . . . 1 . . . . 1 . . . . 3 . . . Terminal Hacks 197 | . 7 . 4 9 4 7 5 1 30 . 6 1 2 25 5 21 . . 47 . 4 . 1 18 Record 95 | . . . . . . . 4 . 11 . 2 . 2 25 . 1 . . 35 . 2 . . 13 Part Schematic 16 | . . . . . . 1 . . 10 . . . . . 1 . . . 4 . . . . . Robot Schematic 6 | . . . . . . . . . 6 . . . . . . . . . . . . . . . Robot Analysis 16 | . 4 . 2 . 1 2 . . . . . . . . . 3 . . 4 . . . . . Prototype ID Bank 18 | . 1 . 2 1 . . . . 3 . . . . . . 2 . . 4 . . . . 5 Open Door 6 | . . . . 3 . . 1 1 . . . . . . . . . . . . . . 1 . Branch Access Points 7 | . . . . 1 . 1 . . . . 1 1 . . 1 1 . . . . 1 . . . Terminal Index 6 | . 1 . . . . 1 . . . . 1 . . . 1 1 . . . . 1 . . . Repair Station Index 2 | . . . . . . . . . . . 1 . . . . 1 . . . . . . . . Recycling Unit Index 1 | . . . . . . . . . . . . . . . . 1 . . . . . . . . Alert Level 8 | . . . . 2 1 1 . . . . 1 . . . . 3 . . . . . . . . Unreport Threat 7 | . . . . 2 2 . . . . . . . . . . 3 . . . . . . . . Locate Traps 1 | . . . . . . . . . . . . . . . . 1 . . . . . . . . Surveillance Status 1 | . . . . . . . . . . . . . . . . 1 . . . . . . . . Assault Status 1 | . . . . . . . . . . . . . . . . 1 . . . . . . . . Recall Investigation 1 | . . . . . . 1 . . . . . . . . . . . . . . . . . . Recall Reinforcements 1 | . . . . . . . . . . . . . . . 1 . . . . . . . . . Recall Assault 1 | . . . . . . . . . . . . . . . . 1 . . . . . . . . Hauler Manifests 3 | . 1 . . . . . . . . . . . . . 1 1 . . . . . . . . Fabricator Hacks 14 | . . . . . . 4 . . . . 4 . . . . 6 . . . . . . . . Network Status 5 | . . . . . . 1 . . . . 2 . . . . 2 . . . . . . . . Load Schematic 4 | . . . . . . 1 . . . . 1 . . . . 2 . . . . . . . . Build 5 | . . . . . . 2 . . . . 1 . . . . 2 . . . . . . . . Repair Station Hacks 49 | . . . 3 2 . 9 . . . . 22 . . . . 11 . . . . 2 . . . Scan Component 27 | . . . 1 1 . 5 . . . . 12 . . . . 7 . . . . 1 . . . Repair 21 | . . . 1 1 . 4 . . . . 10 . . . . 4 . . . . 1 . . . Refit 1 | . . . 1 . . . . . . . . . . . . . . . . . . . . . Recycling Unit Hacks 10 | . 2 . . 2 1 2 . . . . . . . . . 2 . . . . 1 . . . Report Inventory 10 | . 2 . . 2 1 2 . . . . . . . . . 2 . . . . 1 . . . Scanalyzer 2 | . . . . . . 2 . . . . . . . . . . . . . . . . . . Insert Component 1 | . . . . . . 1 . . . . . . . . . . . . . . . . . . Analyze 1 | . . . . . . 1 . . . . . . . . . . . . . . . . . . Garrison Access Hacks 5 | . . . . 1 . 1 . . . . 1 . . . . 1 . . . . 1 . . . Seal Access 5 | . . . . 1 . 1 . . . . 1 . . . . 1 . . . . 1 . . . Unauthorized Hacks 39 | . 5 . 3 4 6 6 . . . . 4 . . . 3 4 . . . . 4 . . . Terminals 25 | . 3 . 3 2 . 4 . . . . 3 . . . 3 3 . . . . 4 . . . Assimilate 2 | . . . . . . 1 . . . . . . . . . . . . . . 1 . . . Botnet 23 | . 3 . 3 2 . 3 . . . . 3 . . . 3 3 . . . . 3 . . . Fabricators . | . . . . . . . . . . . . . . . . . . . . . . . . . Repair Stations . | . . . . . . . . . . . . . . . . . . . . . . . . . Recycling Units 12 | . 2 . . 2 6 2 . . . . . . . . . . . . . . . . . . Reject 1 | . . . . . . 1 . . . . . . . . . . . . . . . . . . Tunnel 11 | . 2 . . 2 6 1 . . . . . . . . . . . . . . . . . . Scanalyzers 2 | . . . . . . . . . . . 1 . . . . 1 . . . . . . . . Researchers 2 | . . . . . . . . . . . 1 . . . . 1 . . . . . . . . Garrison Access . | . . . . . . . . . . . . . . . . . . . . . . . . . Data Cores Recovered 2 | . . . . . . 1 . . . . . . . . . 1 . . . . . . . . Used . | . . . . . . . . . . . . . . . . . . . . . . . . . Hacking Detections 88 | . 9 . 6 7 3 16 . . . . 11 . 3 . 3 18 . . . . 12 . . . Full Trace Events 12 | . 2 . 1 . . 1 . . . . 4 . 1 . . 1 . . . . 2 . . . Feedback Events 1 | . . . 1 . . . . . . . . . . . . . . . . . . . . . Corruption 1 | . . . 1 . . . . . . . . . . . . . . . . . . . . . Feedback Blocked . | . . . . . . . . . . . . . . . . . . . . . . . . . Robot Schematics Acquired 6 | . . . . . . . . . 6 . . . . . . . . . . . . . . . Robots Built 2 | . . . . . . . . . . . . . . . . 2 . . . . . . . . Authchips . | . . . . . . . . . . . . . . . . . . . . . . . . . Time 152 | . . . . . . . . . . . . . . . . 152 . . . . . . . . Total Robot Build Rating 10 | . . . . . . . . . . . . . . . . 10 . . . . . . . . Part Schematics Acquired 17 | . . . . . . 2 . . 10 . . . . . 1 . . . 4 . . . . . Parts Built 7 | . . . . . . 4 . . . . 1 . . . . 2 . . . . . . . . Authchips 2 | . . . . . . 1 . . . . . . . . . 1 . . . . . . . . Time 232 | . . . . . . 95 . . . . 95 . . . . 42 . . . . . . . . Total Part Build Rating 33 | . . . . . . 20 . . . . 5 . . . . 8 . . . . . . . . Parts Repaired 21 | . . . 1 1 . 4 . . . . 10 . . . . 4 . . . . 1 . . . Time 910 | . . . 26 32 . 195 . . . . 464 . . . . 165 . . . . 28 . . . Parts Recycled . | . . . . . . . . . . . . . . . . . . . . . . . . . Recycled Matter . | . . . . . . . . . . . . . . . . . . . . . . . . . Retrieved Matter . | . . . . . . . . . . . . . . . . . . . . . . . . . Retrieved Components . | . . . . . . . . . . . . . . . . . . . . . . . . . Parts Scanalyzed 1 | . . . . . . 1 . . . . . . . . . . . . . . . . . . Part Schematics Acquired 1 | . . . . . . 1 . . . . . . . . . . . . . . . . . . Parts Damaged . | . . . . . . . . . . . . . . . . . . . . . . . . . Bothacking | -11 -10 -10 -9 -9 -9 -7 -7 -7 -7 -6 -6 -6 -6 -6 -6 -5 -5 -5 -5 -4 -4 -4 -4 -4 ------------ Run | Jun Mat Min Mat Sto Rec Fac Low Low Dat Pro Fac Ext Cet Arc Hub Fac Upp Upp Zhi Pro Fac Upp Upp War Used RIF Installer . | . . . . . . . . . . . . . . . . . . . . . . . . . Robots Hacked . | . . . . . . . . . . . . . . . . . . . . . . . . . Non-combat . | . . . . . . . . . . . . . . . . . . . . . . . . . Combat . | . . . . . . . . . . . . . . . . . . . . . . . . . Robot Hacks Applied . | . . . . . . . . . . . . . . . . . . . . . . . . . Relay Couplers Released 7 | . . . . . . . . . . . 3 . . . . . . . . . 4 . . . Programmers 7 | . . . . . . . . . . . 3 . . . . . . . . . 4 . . . Fabnet Peak Effective % . | . . . . . . . . . . . . . . . . . . . . . . . . . Robots Rewired . | . . . . . . . . . . . . . . . . . . . . . . . . . Allies Hacked 2 | . . . . . . 1 . . . . 1 . . . . . . . . . . . . . Hacks Repelled . | . . . . . . . . . . . . . . . . . . . . . . . . . Allies | -11 -10 -10 -9 -9 -9 -7 -7 -7 -7 -6 -6 -6 -6 -6 -6 -5 -5 -5 -5 -4 -4 -4 -4 -4 -------- Run | Jun Mat Min Mat Sto Rec Fac Low Low Dat Pro Fac Ext Cet Arc Hub Fac Upp Upp Zhi Pro Fac Upp Upp War Total Allies 34 | . . 3 . 12 . 1 2 . . 1 3 4 5 . . 2 . . . . 1 . . . Largest Group 10 | . . 3 3 10 3 2 2 . . 1 3 2 6 6 5 2 . . . . 1 . . . Highest-Rated Group 639 | . . 40 40 88 24 26 51 . . 96 93 179 639 639 473 82 . . . . 10 . . . Highest-Rated Ally 159 | . . 16 16 31 8 26 31 . . 96 31 159 159 159 96 41 . . . . 10 . . . Total Orders 13 | . . . . . 2 . . . . . 4 . . . . 2 . . . . . . . 5 ROAM 4 | . . . . . 1 . . . . . 1 . . . . 1 . . . . . . . 1 EXPLORE 7 | . . . . . 1 . . . . . 3 . . . . 1 . . . . . . . 2 RETURN 2 | . . . . . . . . . . . . . . . . . . . . . . . . 2 Ally Attacks 314 | . . 4 15 98 6 5 . . . 6 16 25 28 24 83 4 . . . . . . . . Total Damage 9397 | . . 35 165 1145 65 33 . . . 510 284 752 958 902 4402 146 . . . . . . . . Kills 64 | . . . 3 19 1 . . . . . 3 4 5 2 27 . . . . . . . . . Allies Corrupted 2 | . . . . . . . . . . . 1 . . . . 1 . . . . . . . . Allies Melted 3 | . . . . . . . . . . . . . . . 1 . . . . . . . . 2 Intel | -11 -10 -10 -9 -9 -9 -7 -7 -7 -7 -6 -6 -6 -6 -6 -6 -5 -5 -5 -5 -4 -4 -4 -4 -4 ------- Run | Jun Mat Min Mat Sto Rec Fac Low Low Dat Pro Fac Ext Cet Arc Hub Fac Upp Upp Zhi Pro Fac Upp Upp War Robot Analysis Total 16 | . 4 . 2 . 1 2 . . . . . . . . . 3 . . 4 . . . . . Derelict Logs Recovered 17 | . . 2 . . . . 2 2 . 1 . . . . . . 3 2 . 1 . 2 2 . Drone Launches 10 | . . . . . 2 . . . . . 4 . . . . 2 . . . . . . . 2 Drone Recoveries 3 | . . . . . 1 . . . . . . . . . . . . . . . . . . 2 Exploration | -11 -10 -10 -9 -9 -9 -7 -7 -7 -7 -6 -6 -6 -6 -6 -6 -5 -5 -5 -5 -4 -4 -4 -4 -4 ------------- Run | Jun Mat Min Mat Sto Rec Fac Low Low Dat Pro Fac Ext Cet Arc Hub Fac Upp Upp Zhi Pro Fac Upp Upp War Turns Passed 40517 | 111 1114 1054 1577 1140 858 4951 2162 1299 222 1800 5435 694 398 537 728 3789 949 776 510 1701 4032 1533 1138 2009 Spaces Moved 15029 | 69 607 580 546 399 303 1719 876 506 93 695 1780 318 158 276 348 1242 380 312 209 433 1400 611 460 709 Core 21 | 1 . . . . . . . . . . . . . . . . . . . . . . . 20 Treads 13380 | . 2 . 512 399 303 1719 876 506 93 695 1780 182 . 244 348 1242 380 312 209 424 1400 611 460 683 Legs . | . . . . . . . . . . . . . . . . . . . . . . . . . Wheels 1628 | 68 605 580 34 . . . . . . . . 136 158 32 . . . . . 9 . . . 6 Hover . | . . . . . . . . . . . . . . . . . . . . . . . . . Flight . | . . . . . . . . . . . . . . . . . . . . . . . . . Fastest Speed 50 | 50 95 175 135 240 240 240 241 241 241 238 156 156 205 162 162 162 242 242 242 242 151 236 236 50 Average Speed 227 | 96 143 175 233 240 240 242 242 241 241 239 230 176 207 168 162 214 242 242 242 358 233 236 236 230 Slowest Speed 560 | 100 175 175 240 240 240 245 246 241 241 241 241 205 220 220 162 243 242 242 242 560 560 236 236 250 Overloaded Moves . | . . . . . . . . . . . . . . . . . . . . . . . . . Propulsion Burnouts . | . . . . . . . . . . . . . . . . . . . . . . . . . Robots Hopped 1 | . . . . . . . . . . . 1 . . . . . . . . . . . . . Cave-ins Triggered 1 | . . . . . . . . . . . . . . . . . . . . . . . . 1 Teleports 1 | . . . . . . . . . . . . . . . . . . . 1 . . . . . Exploration Rate (%) 63 | 3 91 95 53 70 98 44 90 67 74 83 39 51 62 97 32 43 54 45 62 69 41 74 57 90 Regions Visited 24 Branch Regions 18 Pre-discovered Areas 18 | . 2 . . 2 6 1 . 1 1 . . . . . . . . 2 2 . . 1 . . Known Exits Taken 15 | . . 1 1 1 . 1 1 1 1 1 1 1 . . 1 1 . . . . 1 1 1 . Unknown Exits Taken 9 | 1 1 . . . 1 . . . . . . . 1 1 . . 1 1 1 1 . . . . Scrap Searched 23 | . . 1 . . . . 4 4 . 3 . . . . . . 1 3 . 2 . 3 2 . Spaces Dug 45 | . . . . . . 17 . . . . 14 . . . . 9 . . . . 3 . . 2 Terrain Destroyed 414 | . . . . 13 . 17 . . . 4 49 12 110 . . 15 1 4 . 33 13 108 1 34 Melee 32 | . . . . . . 7 . . . . 14 . . . . 9 . . . . . . . 2 Projectile 33 | . . . . . . . . . . . . . . . . . . 4 . 5 13 . 1 10 AOE 347 | . . . . 13 . 10 . . . 4 35 12 110 . . 6 . . . 27 . 108 . 22 Terrain Rammed . | . . . . . . . . . . . . . . . . . . . . . . . . . Walls Destroyed . | . . . . . . . . . . . . . . . . . . . . . . . . . Machines Disabled . | . . . . . . . . . . . . . . . . . . . . . . . . . Actions | -11 -10 -10 -9 -9 -9 -7 -7 -7 -7 -6 -6 -6 -6 -6 -6 -5 -5 -5 -5 -4 -4 -4 -4 -4 --------- Run | Jun Mat Min Mat Sto Rec Fac Low Low Dat Pro Fac Ext Cet Arc Hub Fac Upp Upp Zhi Pro Fac Upp Upp War Total 19376 | 89 773 611 750 528 432 2346 899 539 92 757 2816 380 193 319 452 2006 390 318 214 491 1869 648 483 981 Wait 2534 | . 78 16 78 57 121 443 14 9 . 7 798 19 7 15 44 496 . . . . 164 . . 168 Move 15002 | 68 606 579 545 398 302 1718 875 505 92 694 1777 317 157 275 347 1241 379 311 208 432 1399 610 459 708 Hop 1 | . . . . . . . . . . . 1 . . . . . . . . . . . . . Pick Up 181 | 2 23 6 20 5 2 22 2 1 . 4 23 . . 7 6 28 . . 1 2 19 1 4 3 Fast Attach 140 | 7 1 1 4 7 . 13 . . . 2 15 1 1 3 5 25 . . 2 3 39 1 . 10 Attach 94 | . 2 . 3 . 1 8 2 1 . 5 8 7 2 1 . 28 . . 1 5 11 1 1 7 Detach 70 | . 1 1 2 2 . 9 . 1 . 3 5 1 2 2 4 6 . . 2 2 18 . . 9 Swap 125 | 1 13 . 9 8 1 16 . 1 . 5 12 . 4 1 5 17 2 . . 2 13 6 . 9 Drop 207 | . 8 3 28 17 3 34 . 1 . 3 25 1 . . 8 16 . . . . 44 . 3 13 Fire 961 | 11 40 5 61 30 2 76 6 20 . 34 132 31 16 15 32 134 9 7 . 45 160 28 16 51 Melee 43 | . . . . . . 7 . . . . 15 . 4 . . 14 . . . . . 1 . 2 Ram 1 | . 1 . . . . . . . . . . . . . . . . . . . . . . . Kick . | . . . . . . . . . . . . . . . . . . . . . . . . . Crush 13 | . . . . 4 . . . . . . 5 . . . 1 1 . . . . 2 . . . Escape Stasis 4 | . . . . . . . . . . . . 3 . . . . . . . . . . . 1 Rewire . | . . . . . . . . . . . . . . . . . . . . . . . . . Trap . | . . . . . . . . . . . . . . . . . . . . . . . . . Miscellaneous . | . . . . . . . . . . . . . . . . . . . . . . . . . Route ------- -11/Junkyard -10/Materials (discovered 3 exits: *Mat x2 / [*Min]) -10/Mines (discovered 2 exits: *Mat x2) -9/Materials (discovered 4 exits: [*Mat x2] / *Sto x2) -9/Storage (discovered 2 exits: [*Mat] / *Rec) -9/Recycling -7/Factory (discovered 3 exits: *Fac / *Low x2) -7/Lower Caves -7/Lower Caves (discovered 2 exits: *Fac / *Dat) -7/Data Miner -6/Proximity Caves -6/Factory (discovered 5 exits: *Fac / *Low x2 / *Ext x2) -6/Extension (discovered 3 exits: *Fac x2 / *Cet) -6/Cetus -6/Archives (discovered 3 exits: *Fac / *Hub x2) -6/Hub_04(d) (discovered 2 exits: *Fac x2) -5/Factory (discovered 3 exits: *Fac / *Upp x2) -5/Upper Caves -5/Upper Caves -5/Zhirov -4/Proximity Caves -4/Factory (discovered 4 exits: *Res x2 / *Upp x2) -4/Upper Caves -4/Upper Caves -4/Warlord (discovered 1 exit: [*Pro]) History --------- Turn | Location | Event 12 | -11/Junkyard | Discovered new exit (range 16) 112 | -11/Junkyard | Entered Materials 178 | -10/Materials | Discovered new exit (range 11) 313 | -10/Materials | Build established: Mutant 320 | -10/Materials | Discovered new exit (range 10) 685 | -10/Materials | Central database locked down 767 | -10/Materials | Discovered new exit (range 10) 1226 | -10/Materials | Entered Mines 1256 | -10/Mines | Found a hidden stash of uninstalled traps 1343 | -10/Mines | Met a Derelict bent on vengeance 1467 | -10/Mines | Assisted by bots powering up and referring to "LRC-V3" 1543 | -10/Mines | Identified exit to Materials 1790 | -10/Mines | Joined a pair of Derelicts in attacking an 0b10 outpost 2137 | -10/Mines | Discovered exit to Materials (range 16) 2280 | -10/Mines | Entered Materials 2280 | -9/Materials | Accompanied by 3 allies 2280 | -9/Materials | Evolved 2 slots: Propulsion x1, Utility x1 2281 | -9/Materials | Identified exit to Storage 2652 | -9/Materials | Discovered new exit (range 4) 3297 | -9/Materials | Build established: Scavenger-Mutant 3399 | -9/Materials | Discovered new exit (range 13) 3500 | -9/Materials | Discovered exit to Storage (range 6) 3820 | -9/Materials | Repaired Com. Wheel 3857 | -9/Materials | Entered Storage 3939 | -9/Storage | Met a pair of Derelict thieves 4075 | -9/Storage | Garrison activated, responded to threat 4134 | -9/Storage | Identified exit to Recycling 4378 | -9/Storage | Build established: Mutant 4416 | -9/Storage | Assisted by bots powering up and referring to "LRC-V3" 4503 | -9/Storage | Discovered new exit (range 16) 4692 | -9/Storage | Repaired Spread Laser 4732 | -9/Storage | Build established: Commander-Mutant 4988 | -9/Storage | Used back door to open Recycling access 4997 | -9/Storage | Entered Recycling 4997 | -9/Recycling | Accompanied by 3 allies 5055 | -9/Recycling | Discovered new exit (range 75) 5066 | -9/Recycling | Build established: Mutant 5145 | -9/Recycling | Found Scrap Engine 5855 | -9/Recycling | Entered Factory 5855 | -7/Factory | Accompanied by 2 allies 5855 | -7/Factory | Evolved 4 slots: Propulsion x1, Utility x3 6411 | -7/Factory | Build established: Hacker-Mutant 7989 | -7/Factory | Fabricated Wave Gun (x2) 8349 | -7/Factory | Discovered new exit (range 6) 8961 | -7/Factory | Discovered new exit (range 16) 9191 | -7/Factory | Fabricated Gatling Laser (x2) 9860 | -7/Factory | Repaired Hvy. Ion Engine 9921 | -7/Factory | Repaired Lyr. Heavy Armor Plating 10157 | -7/Factory | Repaired Gatling Laser 10204 | -7/Factory | Repaired Gatling Laser 10342 | -7/Factory | Identified exit to Lower Caves 10806 | -7/Factory | Entered Lower Caves 10806 | -7/Lower Caves | Accompanied by 1 ally 12382 | -7/Lower Caves | Identified exit to Lower Caves 12759 | -7/Lower Caves | Learned location of 1 exit from Factory 12827 | -7/Lower Caves | A Commander dispatched an escort 12856 | -7/Lower Caves | Learned Extension garrison access intel 12968 | -7/Lower Caves | Entered another Lower Caves area 12968 | -7/Lower Caves | Accompanied by 2 allies 12969 | -7/Lower Caves | Commander's escort returned to base 12969 | -7/Lower Caves | Commander's escort returned to base 13019 | -7/Lower Caves | Discovered new exit (range 6) 13040 | -7/Lower Caves | Identified exit to Factory 14206 | -7/Lower Caves | Discovered new exit (range 4) 14213 | -7/Lower Caves | Identified exit to Data Miner 14267 | -7/Lower Caves | Entered Data Miner 14267 | -7/Data Miner | Discovered new exit (range 6) 14282 | -7/Data Miner | Identified exit to Proximity Caves 14316 | -7/Data Miner | Met Data Miner 14374 | -7/Data Miner | Learned location of Section 7 (-2) 14374 | -7/Data Miner | Acquired the access code to Warlord's prototype stash 14419 | -7/Data Miner | Received God Mode back door access code from Data Miner 14489 | -7/Data Miner | Entered Proximity Caves 14788 | -6/Proximity Caves | Escorted by Enhanced Grunt 14790 | -6/Proximity Caves | Attracted the attention of an 0b10 outpost 15328 | -6/Proximity Caves | Spotted B-75 Beast 15479 | -6/Proximity Caves | Destroyed B-75 Beast 15695 | -6/Proximity Caves | Build established: Mutant 16113 | -6/Proximity Caves | Learned location of 1 exit from Factory 16265 | -6/Proximity Caves | Discovered exit to Factory (range 5) 16289 | -6/Proximity Caves | Entered Factory 16289 | -6/Factory | Evolved 2 slots: Propulsion x1, Utility x1 16290 | -6/Factory | Identified exit to Extension 16290 | -6/Factory | Identified exit to Factory 16495 | -6/Factory | Fabricated Lyr. Medium Armor Plating (x1) 16575 | -6/Factory | Discovered new exit (range 13) 16604 | -6/Factory | Identified exit to Lower Caves 16772 | -6/Factory | Repaired Antimatter Reactor 17112 | -6/Factory | Allied Derelicts emerged from ambush trap array 17536 | -6/Factory | Garrison activated, responded to threat 17706 | -6/Factory | Repaired Lyr. Heavy Armor Plating 17744 | -6/Factory | Repaired Arm. Treads 17783 | -6/Factory | Repaired Arm. Treads 17834 | -6/Factory | Repaired Gatling Laser 17879 | -6/Factory | Repaired Gatling Laser 17918 | -6/Factory | Repaired Arm. Treads 17946 | -6/Factory | Incoming investigation squad redirected 17957 | -6/Factory | Repaired Adv. Treads 20103 | -6/Factory | Incoming assault squad redirected 20905 | -6/Factory | Incoming investigation squad redirected 21222 | -6/Factory | Garrison activated, responded to threat 21328 | -6/Factory | Repaired Lyr. Heavy Armor Plating 21390 | -6/Factory | Repaired Lyr. Medium Armor Plating? 21724 | -6/Factory | Entered Extension 21775 | -6/Extension | Rescued a captive Derelict 21775 | -6/Extension | Rescued a captive Derelict 21829 | -6/Extension | Identified exit to Cetus 22005 | -6/Extension | Rescued A7 22061 | -6/Extension | Rescued a captive Derelict 22072 | -6/Extension | Spotted B-75 Beast 22084 | -6/Extension | Spotted B-75 Beast 22114 | -6/Extension | Destroyed B-75 Beast 22136 | -6/Extension | Destroyed B-75 Beast 22165 | -6/Extension | Lost 9 parts (1p5n2u1w) 22205 | -6/Extension | Discovered exit to Factory (range 3) 22381 | -6/Extension | Discovered exit to Factory (range 16) 22418 | -6/Extension | Entered Cetus 22418 | -6/Cetus | Accompanied by 1 ally (A7) 22423 | -6/Cetus | Acquired a Cetus Manufacturing Module code from A7 22445 | -6/Cetus | Spotted Cetus Guard 22445 | -6/Cetus | Spotted Cetus Guard 22451 | -6/Cetus | Spotted Cetus Guard 22454 | -6/Cetus | Spotted Cetus Guard 22455 | -6/Cetus | Allies destroyed Cetus Guard 22463 | -6/Cetus | Destroyed Cetus Guard 22467 | -6/Cetus | Destroyed Cetus Guard 22475 | -6/Cetus | Destroyed Cetus Guard 22502 | -6/Cetus | System corruption reached 10% 22631 | -6/Cetus | Started Cetus Manufacturing Module 22656 | -6/Cetus | Manufactured an Enhanced Grunt 22681 | -6/Cetus | Manufactured an Enhanced Grunt 22706 | -6/Cetus | Manufactured an Enhanced Grunt 22731 | -6/Cetus | Manufactured an Enhanced Grunt 22756 | -6/Cetus | Manufactured an Enhanced Grunt 22783 | -6/Cetus | Discovered new exit (range 16) 22816 | -6/Cetus | Entered Archives 22816 | -6/Archives | Accompanied by 6 allies (A7) 22910 | -6/Archives | Unable to access archive contents 22916 | -6/Archives | Discovered new exit (range 16) 22926 | -6/Archives | Unable to access archive contents 22932 | -6/Archives | Discovered new exit (range 16) 22945 | -6/Archives | Unable to access archive contents 22949 | -6/Archives | Discovered exit to Factory (range 16) 22961 | -6/Archives | Unable to access archive contents 23060 | -6/Archives | Build established: Commander-Mutant 23353 | -6/Archives | Entered Hub_04(d) 23353 | -6/Hub_04(d) | Accompanied by 5 allies 23353 | -6/Hub_04(d) | Discovered exit to Factory (range 10) 23448 | -6/Hub_04(d) | Garrison activated, responded to threat 23926 | -6/Hub_04(d) | Discovered exit to Factory (range 5) 24053 | -6/Hub_04(d) | First assault squad dispatched 24081 | -6/Hub_04(d) | Entered Factory 24081 | -5/Factory | Evolved 2 slots: Power x1, Weapon x1 24082 | -5/Factory | Identified exit to Upper Caves 24309 | -5/Factory | Garrison activated, responded to threat 24381 | -5/Factory | Build established: Hacker-Tank 24427 | -5/Factory | Fabricated Med. Treads (x2) 24681 | -5/Factory | First assault squad dispatched 24850 | -5/Factory | Lost 11 parts (2p5n3u1w) 24863 | -5/Factory | Destroyed 10 combat bots 25000 | -5/Factory | Incoming assault squad redirected 25047 | -5/Factory | Build established: Scavenger-Gunner 25245 | -5/Factory | Discovered new exit (range 12) 25434 | -5/Factory | Repaired Arm. Treads 25458 | -5/Factory | Repaired Med. Treads 27077 | -5/Factory | Lost 3 parts (1p1n1u) 27198 | -5/Factory | Repaired Imp. Medium Armor Plating 27279 | -5/Factory | Repaired Force Rifle 27487 | -5/Factory | Fabricated H-66 Slayer (x2) 27593 | -5/Factory | Build established: Scavenger-Tank 27719 | -5/Factory | System corruption reached 10% 27734 | -5/Factory | Lost 5 parts (1p2n2w) 27870 | -5/Factory | Entered Upper Caves 27994 | -5/Upper Caves | Build established: Scavenger-Gunner 28104 | -5/Upper Caves | Attracted the attention of an 0b10 checkpoint 28155 | -5/Upper Caves | Learned Factory terminal intel 28458 | -5/Upper Caves | Spotted B-75 Beast 28487 | -5/Upper Caves | Destroyed B-75 Beast 28526 | -5/Upper Caves | Learned location of 1 exit from Factory 28686 | -5/Upper Caves | Learned Factory terminal intel 28795 | -5/Upper Caves | Discovered new exit (range 10) 28819 | -5/Upper Caves | Entered another Upper Caves area 29543 | -5/Upper Caves | Encountered a Warlord checkpoint 29551 | -5/Upper Caves | Discovered new exit (range 10) 29595 | -5/Upper Caves | Entered Zhirov 29595 | -5/Zhirov | Discovered new exit (range 3) 29646 | -5/Zhirov | Met Zhirov 29692 | -5/Zhirov | Learned location of Quarantine (-3) 29746 | -5/Zhirov | Zhirov requested help retrieving the SGEMP Prototype 29884 | -5/Zhirov | Found Alien Artifact 29884 | -5/Zhirov | Identified Integrated Dissipator 29884 | -5/Zhirov | Installed Integrated Dissipator, increased core heat dissipation (+20) 29917 | -5/Zhirov | Found Alien Artifact 29917 | -5/Zhirov | Identified Transdimensional Reconstructor 29917 | -5/Zhirov | Warped through subspace 30105 | -5/Zhirov | Entered Proximity Caves 30424 | -4/Proximity Caves | Build established: Scavenger-Mutant 30501 | -4/Proximity Caves | Received a Behemoth hack from an annoying Tinkerer 30728 | -4/Proximity Caves | Build established: Scavenger-Gunner 30732 | -4/Proximity Caves | Attracted the attention of an 0b10 outpost 30765 | -4/Proximity Caves | Core integrity fell below 50% 30775 | -4/Proximity Caves | Destroyed 7 combat bots 30782 | -4/Proximity Caves | Lost 4 parts (1p1n2u) 31135 | -4/Proximity Caves | Attracted the attention of an 0b10 checkpoint 31234 | -4/Proximity Caves | Build established: Mutant 31522 | -4/Proximity Caves | Learned 4 Research zone layouts 31744 | -4/Proximity Caves | Discovered new exit (range 12) 31806 | -4/Proximity Caves | Entered Factory 31806 | -4/Factory | Evolved 2 slots: Utility x2 31807 | -4/Factory | Identified exit to Research 31808 | -4/Factory | Identified exit to Upper Caves 31809 | -4/Factory | Loaded intel: 26 terminal locations 32087 | -4/Factory | Garrison activated, responded to threat 32415 | -4/Factory | Build established: Scavenger-Gunner 33948 | -4/Factory | Incoming investigation squad redirected 33953 | -4/Factory | Garrison activated, responded to threat 34234 | -4/Factory | Build established: Scavenger-Tank 34505 | -4/Factory | Spotted B-86 Titan 34516 | -4/Factory | Discovered exit to Research (range 16) 34928 | -4/Factory | Repaired Adv. Cooling System 35838 | -4/Factory | Entered Upper Caves 35845 | -4/Upper Caves | Attracted the attention of an 0b10 checkpoint 36152 | -4/Upper Caves | Build established: Scavenger-Mutant 36473 | -4/Upper Caves | Acquired the password to a Derelict Tinkerer's latest research 36587 | -4/Upper Caves | Encountered a Warlord checkpoint 36615 | -4/Upper Caves | Caught by Unaware searching for contraband prototypes 36880 | -4/Upper Caves | Spotted B-86 Titan 36928 | -4/Upper Caves | Destroyed B-86 Titan 36935 | -4/Upper Caves | Build established: Scavenger-Tank 37352 | -4/Upper Caves | Discovered new exit (range 6) 37366 | -4/Upper Caves | Identified exit to Upper Caves 37371 | -4/Upper Caves | Entered another Upper Caves area 37401 | -4/Upper Caves | Learned Research trap positions 38497 | -4/Upper Caves | Discovered new exit (range 5) 38507 | -4/Upper Caves | Identified exit to Warlord 38509 | -4/Upper Caves | Entered Warlord 38651 | -4/Warlord | System corruption cleaned by Quarantine Array 38808 | -4/Warlord | Build established: Scavenger-Mutant 39121 | -4/Warlord | Discovered new exit (range 54) 39414 | -4/Warlord | Met Warlord 39439 | -4/Warlord | Warlord's base attacked by MAIN.C 39480 | -4/Warlord | Opened Warlord's prototype stash 39789 | -4/Warlord | Warlord forces counterattacked 39880 | -4/Warlord | Found Prototype Device 39880 | -4/Warlord | Identified Exp. Focal Shield 39892 | -4/Warlord | Found Prototype Processor 39892 | -4/Warlord | Identified Exp. Armor Integrity Analyzer 39909 | -4/Warlord | Found Prototype Reactor 39909 | -4/Warlord | Identified Vortex Chain Reactor 39981 | -4/Warlord | Spotted Executioner 39997 | -4/Warlord | Destroyed Executioner 40093 | -4/Warlord | Spotted Executioner 40108 | -4/Warlord | Spotted Striker 40114 | -4/Warlord | Warlord base infiltrated, sounded retreat 40387 | -4/Warlord | Spotted Executioner 40391 | -4/Warlord | Build established: Scavenger-Gunner 40420 | -4/Warlord | Destroyed Executioner 40445 | -4/Warlord | Lost 3 parts (3n) 40446 | -4/Warlord | Spotted Executioner 40468 | -4/Warlord | Destroyed 7 combat bots 40469 | -4/Warlord | Destroyed Executioner 40487 | -4/Warlord | System corruption reached 10% 40490 | -4/Warlord | Spotted B-90 Cyclops 40493 | -4/Warlord | Spotted Executioner 40497 | -4/Warlord | Spotted Executioner 40507 | -4/Warlord | Released all parts (13) 40511 | -4/Warlord | Core integrity fell below 50% 40511 | -4/Warlord | Spotted B-86 Titan 40512 | -4/Warlord | Crushed by falling debris 40513 | -4/Warlord | Spotted Striker 40517 | -4/Warlord | Core integrity fell below 20% 40517 | -4/Warlord | Spotted Executioner 40518 | -4/Warlord | Destroyed by B-90 Cyclops with Nova Cannon Last Messages --------------- 40507_ Released Helical Railgun. 40507_ Released Spk. Medium Treads. 40507_ Released Core Analyzer. 40507_ Released Huge Storage Unit. 40507_ Released Adv. Signal Interpreter. 40507_ Released Exp. Armor Integrity Analyzer. 40507_ Released Vortex Chain Reactor. 40507_ Released Hvy. Beamcaster. 40507_ Released Imp. Medium Armor Plating. 40507_ Released KE Penetrator. 40508_ Penetrated by Slug. 40508_ Dropped Adv. System Shield. 40508_ Dropped Neutrino Core. 40509_ Acquired Vortex Chain Reactor. 40510_ G-67 Veteran destroyed. 40510_ Slug penetrates Earth. 40512_ The unstable cave ceiling collapses. 40512_ Crushed by falling debris. 40513_ Penetrated by Slug. [Achievement: Torch] Map ----- +----------------------------------------------------+ | #???#"" # " """ ^ #????????????????????? | | #+####???#"" " # " """ #????????????????????? | | #????#""""X #^^^" """ #????????????????????? | | #????######## # #???????????####?????? | | #???????????# + """ #??????????## ##????? | | # #???????????# ^# """ #?????????## #????? | | # #???????????# #^""" #?????????# #????? | | # #???????????# # #?????????# ##????? | | ##########??# # ^ #?????????# #????? | | # # #?##! " #?????????# ##???? | | # # && ] ###![!!*"""#####?????????## #???? | | # " && # [!!! ! #???????????????### ##??? | | # # ][!![" ##????????????????## #??? | | + !%[%![=*/ ###???????????????## #??? | | # # ! |!%[ !]![ # %#????????????????# #### | | "" "" =!= [ ##????????????????# | | " # ####?????????????## ### | | % ! ! #""#??????????????## | | " # % #""#???????????????### | | [= !% ## ;""#?????????????????# | | % * ## ! ""#?????????????????## | | ! = %=%%=###[%! ""#??????????????????## | | = = [ p !#| #% ""#####???????????????# | | | #!!%! ! "" ="############????? | | % =%!= !%= "" """""""#????? | | " ## + !! @g"" E """"""#?#### | | # BB BB p g ### # | | ## ## % BB BB p %*b d + | | ?###?## % / % pK g % % ![ ^+ | | ???### [% %g =%i = #### | | ???# # % = # "" """""#??## | | ???# # ! "" ! """""#???# | | ???# [ %%! ""[[= #########???# | | ???# # # # ##### ""#### ## ?????????## | | ???# = % #???# ""#???##?? ????????## | | ???#### #% i #????#""#????????????????# | | ???????? bb #????#""#???????????????## # | | ????????# ^ ?????#""#???????????????# # | | ####????#^^"" #????????????????????????# # | | [[#????#^ """ #????????????????????????# ## | | #????# """ #????????????????????????# #? | | //#????# ^ #???????????????????????## ## | | #####???#^ #??????????????????????## # | | #???# """ ###??????????????????????# | | #???# """ #????????????????????##### ## | | #???# """ #???????????????????## # #### | | #???#^ ^^^ #???????????????????# #?## | | ##### #???????????????????# ##?# | | + """ #???????????????????# ## #?# | | ## """ #???????????????????###### #?? | +----------------------------------------------------+ Best States ------------- Heat Dissipation 113 Coolant Potential 80 Energy Generation 55 Energy Capacity 800 Matter Stores 300 Matter Capacity 300 Sight Range 20 Robot Scan Range 16 Terrain Scan Density 10 Base Temperature (-) 150 Armor Coverage 1050 Resistance: KI 50 Resistance: TH 50 Resistance: EX 70 Resistance: EM 20 Resistance: I 20 Resistance: S 20 Resistance: P 20 Phase Shifting 5 Evasion (%) 45 Targeting Accuracy 14 Core Analysis 6 Armor Integrity Analysis 50 Recoil Reduction 5 Particle Charging 20 Offensive Hacking 21 Defensive Hacking 12 Authchip Count 3 Item Schematics ----------------- Gatling Laser | -7/Factory | Scanalyzed Med. Treads | -7/Factory | Hacked Combat Drone Bay | -7/Data Miner | Free Lgt. Regenerative Plating | -7/Data Miner | Free Cld. Cesium-ion Thruster | -7/Data Miner | Free Gravity Neutralizer | -7/Data Miner | Free Cld. Plasma Cannon | -7/Data Miner | Free Antigrav System | -7/Data Miner | Free Lrn. Proton Cannon | -7/Data Miner | Free Imp. Recalibrator | -7/Data Miner | Free Remote Force Field | -7/Data Miner | Free Rnf. Fission Core | -7/Data Miner | Free Corruption Screen | -6/Hub_04(d) | Hacked Assault Drone Bay | -5/Zhirov | Free Exp. Heat Sink | -5/Zhirov | Free Exp. Optical Array | -5/Zhirov | Free Imp. Arc Thrower | -5/Zhirov | Free Robot Schematics ------------------ M-22 Extractor | -7/Data Miner | Free M-28 Smith | -7/Data Miner | Free S-27 Virus | -7/Data Miner | Free R-10 Processor | -7/Data Miner | Free L-41 Fighter | -7/Data Miner | Free H-66 Slayer | -7/Data Miner | Free Fabricated ------------ Wave Gun | x2 | -7/Factory | Preloaded Gatling Laser | x2 | -7/Factory | Authchip Lyr. Medium Armor Plating | x1 | -6/Factory | Preloaded Med. Treads | x2 | -5/Factory | Authchip H-66 Slayer | x2 | -5/Factory Alien Tech Used ----------------- Integrated Dissipator Transdimensional Reconstructor Achievements -------------- A Powerful Ally? Giant Slayer Pyromaniac Reappropriation Torch Challenges ------------ None Game ------ Seed PotentialBombRedistributor Manual? 0 Play Time 06:05:28 Cumulative 131.8 hours Start 2023.11.11 @ 09:19:42 End 2023.12.02 @ 19:26:19 Sessions 13 Manual Loads 0 Difficulty Adventurer Special Mode None Game No. 108 Rogue 0 Adventurer 108 Explorer 0 Win Type - Total 1 Types 1/0/0/0/0/0/0/0/0 Lore% 56 Gallery% 56 Achievement% 48 Wizard Run 0 Options --------- ASCII 0 Keyboard 0 Movement Mouse Keybinds 0 Fullscreen 2 Font 20/SmallcapsGlow Map View 66x50 Tactical HUD 1 Map Filters NONE Filters NONE Steam X RUN: fd617aa1-1fb4-4d47-8abe-325be9d97a2c